 Dungeon Crawl Stone Soup version 0.28-a0-768-g8c92f1e708 (webtiles) character file.

Game seed: 16058466267854020707

41 Conn the Firebug (level 3, 0/21 HPs)
             Began as an Octopode Fire Elementalist on Oct 31, 2021.
             Slain by Terence (9 damage)
             ... on level 2 of the Dungeon.
             The game lasted 00:02:20 (1538 turns).

Conn the Firebug (Octopode Fire Elementalist)       Turns: 1538, Time: 00:02:21

Health: 0/21       AC:  1    Str:  7    XL:     3   Next: 52%
Magic:  2/7        EV: 13    Int: 18    God:
Gold:   55         SH:  0    Dex: 12    Spells: 6/7 levels left

rFire   . . .      SeeInvis .   a - +0 short sword
rCold   . . .      Faith    .   (no shield)
rNeg    . . .      Spirit   .   (helmet restricted)
rPois   .          Reflect  .   (no amulet)
rElec   .          Harm     .   (no ring)
rCorr   .          Rampage  .   (no ring)
Will    .....                   (no ring)
Stlth   +++.......              (no ring)
HPRegen 0.07/turn               (no ring)
MPRegen 0.10/turn               (no ring)
                                (no ring)
                                (no ring)

@: very slightly contaminated
A: almost no armour, amphibious, 8 rings, camouflage 1, gelatinous body 1,
(nimble swimmer 1), tentacles
a: no special abilities


You were on level 2 of the Dungeon.
You visited 1 branch of the dungeon, and saw 2 of its levels.

You collected 55 gold pieces.

Inventory:

Hand Weapons
 a - a +0 short sword (weapon)
Scrolls
 b - 2 scrolls of identify {unknown}
 c - 2 scrolls of enchant armour {unknown}


   Skills:
 + Level 0.1 Fighting
 + Level 0.9 Short Blades
 + Level 2.2 Dodging
 + Level 3.0 Stealth
 + Level 2.7 Spellcasting
 + Level 1.0 Conjurations
 + Level 3.3 Fire Magic


You had 6 spell levels left.
You knew the following spells:

 Your Spells              Type           Power      Damage    Failure   Level
a - Foxfire               Conj/Fire      40%        2x1d6     7%          1

Your spell library contained the following spells:

 Spells                   Type           Power      Damage    Failure   Level
 Scorch                   Fire           28%        2d6       6%          2
 Conjure Flame            Conj/Fire      10%        6-21      21%         3
 Inner Flame              Hex/Fire       8%         N/A       26%         3
 Flame Wave               Conj/Fire      10%        3d4       56%         4


Dungeon Overview and Level Annotations

Branches:
Dungeon (2/15)

Altars:

Shops:
D:2 *

Annotations:
D:2 Terence


Innate Abilities, Weirdness & Mutations

You cannot wear most types of armour.
You are amphibious.
You can wear up to eight rings at the same time.
Your skin changes colour to match your surroundings (Stealth+).
Your rubbery body absorbs attacks. (AC +1, EV +1)
((You are camouflaged near water. (Stealth+)))
You have tentacles for arms and can constrict up to eight enemies at once.


Message History

Terence misses you.
Casting: Foxfire (safe; 7% risk of failure)
Confirm with . or Enter, or press ? or * to list all spells.
You conjure some foxfire!
Terence hits you with a +0 hand axe.
Unknown command.
Casting: Foxfire (safe; 7% risk of failure)
Confirm with . or Enter, or press ? or * to list all spells.
You conjure some foxfire!
The foxfire hits Terence but does no damage.
Terence is almost dead.
Terence hits you with a +0 hand axe!
Terence hits your foxfire with a +0 hand axe!
The foxfire hits Terence but does no damage.
Terence is almost dead.
The foxfire hits Terence but does no damage.
Terence is almost dead.
Casting: Foxfire (safe; 7% risk of failure)
Confirm with . or Enter, or press ? or * to list all spells.
You miscast Foxfire.
You are very lightly contaminated with residual magic.
Nothing appears to happen.
Terence closely misses you.
Casting: Foxfire (safe; 7% risk of failure)
Confirm with . or Enter, or press ? or * to list all spells.
You conjure some foxfire!
Terence completely misses you.
Found a stone staircase leading down.
The foxfire hits Terence but does no damage.
Terence is almost dead.
The foxfire hits Terence but does no damage.
Terence is almost dead.
Your magical contamination has completely faded away.
Casting: Foxfire (safe; 7% risk of failure)
Confirm with . or Enter, or press ? or * to list all spells.
You miscast Foxfire.
You are very lightly contaminated with residual magic.
Nothing appears to happen.
Terence misses you.
Unknown command.
Casting: Foxfire (safe; 7% risk of failure)
Confirm with . or Enter, or press ? or * to list all spells.
You conjure some foxfire!
Terence hits you with a +0 hand axe!
You die...

#..#####.#. #..#...#.#
##......#.#
#.#.......#.#
##########.#####.#.#.#
........#.......#.#'#.
#.......##.†.###.....
#..v.................
#...@v...#...........
#....@...#.).........
#........#...........
#........#......##...
#........#...........
#.............#......
#.......#####.##.####
######... >....# #####
.###.#


You could see Terence (ally target).

Vanquished Creatures
  2 adders (D:2)
  A dart slug (D:1)
  2 endoplasms (D:1)
  A giant cockroach (D:1)
  2 goblins (D:1)
  3 hobgoblins
  3 quokkas (D:1)
  A frilled lizard (D:1)
  A kobold (D:1)
  5 rats (D:1)
21 creatures vanquished.

Vanquished Creatures (others)
  52 foxfires
52 creatures vanquished.

Grand Total: 73 creatures vanquished

Notes
Turn   | Place    | Note
-------+----------+-------------------------------------------
     0 | D:1      | Conn the Octopode Fire Elementalist began the quest for the
                  | Orb.
     0 | D:1      | Reached XP level 1. HP: 11/11 MP: 3/3
   539 | D:1      | Reached XP level 2. HP: 17/17 MP: 1/5
  1343 | D:2      | Reached XP level 3. HP: 21/21 MP: 6/6
  1371 | D:2      | Found Paschac's General Store.
  1445 | D:2      | Noticed Terence
  1538 | D:2      | Slain by Terence

Illustrated notes

Levels and vault maps discovered:
D:1:      evilmike_arrival_hilbert_curve, layout_loops_ring, glass_columns_c
D:2:      layout_basic, ebering_ecumenical_altar_hall, serial_shops, shop,
          uniq_terence

Skill      XL: |  1  2 |
---------------+-------+-----
Stealth        | 3 |  3.0
Fighting       | |  0.1
Short Blades   | |  0.9
Dodging        | |  2.2
Spellcasting   | |  2.7
Conjurations   | |  1.0
Fire Magic     | |  3.3

Action                   || total
-------------------------++-------
Melee: Unarmed           ||     2
       Short sword       ||    23
       Constrict         ||     6
       Tentacles         ||     5
 Cast: Foxfire           ||    31
  Use: Potion            ||     1
 Stab: Sleeping          ||     4
Dodge: Dodged            ||    30

Table legend: (Time is in decaauts)
 A = Elapsed time spent in this place.
 B = Non-inter-level travel time spent in this place.
 C = Inter-level travel time spent in this place.
 D = Time resting spent in this place.
 E = Time spent auto-exploring this place.
 F = Levels seen in this place.
 G = Mean time per level.
                   A        B        C        D        E       F      G
               +--------+--------+--------+--------+--------+-----+--------+
         Total |   1539 |   1539 |      0 |      0 |   1253 |   2 |  769.5 |
       Dungeon |   1539 |   1539 |      0 |      0 |   1253 |   2 |  769.5 |
               +--------+--------+--------+--------+--------+-----+--------+

Top non-repeatable levels by time:
     D:1: 1299 daAuts
     D:2: 239 daAuts
